[Event "Ostravsky Konik FIDE-A 2024"]
[Site "Ostrava"]
[Date "2024.05.03"]
[Round "7.5"]
[White "Sernecki, Franciszek"]
[Black "Jafarli, Babak"]
[Result "1-0"]
[ECO "A80"]
[WhiteElo "2342"]
[BlackElo "2187"]
[Annotator "ChessBase"]
[PlyCount "45"]
[EventDate "2024.04.26"]
[EventType "swiss"]
[EventCountry "CZE"]
[SourceTitle "playchess.com"]
[Source "ChessBase"]
[SourceQuality "1"]
[TimeControl "40/5400+30:1800+30"]

1. d4 f5 2. Bg5 Nf6 3. Bxf6 exf6 4. e3 d5 5. c4 dxc4 6. Bxc4 Bd6 7. Nc3 c6 8. Nge2 Qe7 9. O-O b5 10. Bb3 Na6 11. Nf4 g6 12. Qf3 Bb7 13. d5 Rc8 14. Rac1 Nc5 15. dxc6 Bxc6 16. Bd5 Bd7 17. b4 Bxf4 18. exf4 Ne6 19. Nxb5 O-O 20. Nd4 Rxc1 21. Rxc1 Kg7 22. Qe3 Re8 23. Re1 1-0

[Event "Ostravsky Konik FIDE-A 2024"]
[Site "Ostrava"]
[Date "2024.05.03"]
[Round "7.6"]
[White "Swicarz, Maciej"]
[Black "Rudolf, Michal"]
[Result "1-0"]
[ECO "C11"]
[WhiteElo "2251"]
[BlackElo "2268"]
[Annotator "NA RC"]
[PlyCount "73"]
[EventDate "2024.04.26"]
[EventType "swiss"]
[EventCountry "CZE"]
[SourceTitle "playchess.com"]
[Source "ChessBase"]
[SourceQuality "1"]
[TimeControl "40/5400+30:1800+30"]

1. e4 e6 2. d4 d5 3. Nc3 Nf6 4. e5 Nfd7 5. f4 c5 6. Nf3 Nc6 7. Be3 Be7 8. Qd2 O-O 9. dxc5 Bxc5 10. Nd4 Qb6 11. Na4 Qb4 12. Nxc5 Qxd2+ 13. Kxd2 Nxc5 14. Nxc6 Ne4+ 15. Kc1 bxc6 16. Bd3 f5 17. exf6 Nxf6 18. g3 a5 19. Re1 Ba6 20. Bd4 Kf7 21. Kd2 Rfc8 22. f5 exf5 23. Bxf5 Re8 24. Bxf6 Kxf6 25. Bd7 Rxe1 26. Rxe1 Bb5 27. Re6+ Kf7 28. Re3 Ra7 29. Bf5 h6 30. Kc3 Kf6 31. g4 c5 32. Re6+ Kf7 33. Rb6 d4+ 34. Kd2 Bf1 35. Rc6 Rb7 36. b3 Re7 37. Bg6+ 1-0

[Event "Ostravsky Konik FIDE-A 2024"]
[Site "Ostrava"]
[Date "2024.05.04"]
[Round "8.1"]
[White "Meers, Hubert"]
[Black "Nguyen, Piotr"]
[Result "0-1"]
[ECO "A45"]
[WhiteElo "2250"]
[BlackElo "2398"]
[Annotator "TA"]
[PlyCount "116"]
[EventDate "2024.04.26"]
[EventType "swiss"]
[EventCountry "CZE"]
[SourceTitle "playchess.com"]
[Source "ChessBase"]
[SourceQuality "1"]
[TimeControl "40/5400+30:1800+30"]

1. d4 Nf6 2. Bg5 g6 3. Bxf6 exf6 4. g3 d5 5. Bg2 c6 6. e3 {[%emt 0:00:29] A45: Trompowsky Attack.} h5 7. Nf3 Nd7 $146 ({Predecessor:} 7... Bd6 8. Nbd2 Be6 9. Qe2 g5 10. h4 Nd7 11. O-O g4 12. Ne1 f5 13. c4 Nf6 14. cxd5 Nxd5 {1-0 Dardha,D (2606)-Maksimovic,B (2486) Titled Tuesday intern op 06th Dec Late blitz 2022 (6)}) 8. Nbd2 Nb6 9. O-O Be6 10. e4 Be7 11. Re1 O-O 12. e5 Nd7 13. c3 a5 14. a4 Kg7 (14... h4 $5) 15. Bf1 h4 16. Nxh4 fxe5 17. Ng2 exd4 18. Nf4 (18. cxd4 $15 Bb4 19. Re3) 18... Bf5 19. cxd4 Bd6 20. Nd3 Qf6 21. Nb3 Be4 (21... Rh8 $17 {Threatens to win with ...Rh6.} 22. Qf3 g5) 22. Bg2 $15 Rfe8 23. Bxe4 dxe4 24. Ndc5 Bxc5 25. Nxc5 Nxc5 26. dxc5 Rad8 27. Qc2 Qe5 28. Ra3 Rd5 29. Rc3 f5 30. Rd1 Red8 31. Rxd5 cxd5 (31... Rxd5 $17 32. Rb3 Qd4 (32... Rxc5 33. Rxb7+ Kf6 34. Qd2 $11) (32... Rd7 33. h4 $17)) 32. Rb3 $11 Rd7 33. c6 bxc6 34. Qxc6 Rc7 35. Rb7 Rxb7 (35... Rf7 {keeps more tension.} 36. Rb6 Rf6 37. Qd7+ Rf7) 36. Qxb7+ Kh6 37. Qb5 e3 38. fxe3 Qxe3+ 39. Kg2 d4 40. Qb8 Qe4+ 41. Kh3 {[%emt 0:35:40] [#]} (41. Kf2 $11 {keeps the balance.}) 41... Qg4+ (41... g5 $1 $17 {[%cal Rg5g4] ( -> ...g4+)} 42. Qh8+ Kg6 43. Qg8+ Kf6 44. Qd8+ Ke5 45. Qh8+ (45. Qxa5+ $2 Ke6 $19) 45... Kd5 46. Qg8+ Kc5 47. Qxg5 Kb4) 42. Kg2 $11 Qe2+ 43. Kg1 Qe3+ 44. Kg2 g5 45. Qh8+ Kg6 46. Qg8+ Kf6 47. Qf8+ $1 Ke6 48. Qc8+ $2 {[%emt 0:00:00][%mdl 8192] [#]} (48. b3 $11) 48... Ke5 $1 $19 49. Qc5+ Ke4 50. Qc2+ Qd3 51. Qc6+ Ke3 52. Qf3+ Kd2 53. Qf2+ Kc1 (53... Qe2 $142 54. g4 fxg4 55. Kg3 Qxf2+ 56. Kxf2 d3 57. Kg2 Ke3 58. Kg3 d2 59. Kxg4 Ke4 (59... d1=B+ $2 60. Kxg5 Bxa4 61. Kh6 $19) (59... d1=Q+ {gets mated.} 60. Kf5 Qd5+ 61. Kg6 Ke4 62. h3 Qe6+ 63. Kh7 Kf5 64. h4 Qe7+ 65. Kh8 gxh4 66. Kg8 Kf6 67. Kh8 Qg7#) 60. Kxg5 d1=Q (60... d1=B $2 61. h4 $19) 61. h4 Qd6 (61... Qxa4 62. h5 Qc6 63. h6 Ke5 64. h7 Qg2+ 65. Kh6 Kf5 66. h8=N Qg8 67. Kh5 Qxh8#) 62. h5 Qe6 63. b4 Ke5 (63... axb4 64. a5 Qf7 65. h6 Qf5+ 66. Kh4 Kf4 67. a6 Qg4#) 64. bxa5 Qg8+ (64... Qf6+ 65. Kg4 Qf2 66. Kg5 Qg3+ 67. Kh6 Kf6 68. Kh7 Qg7#) 65. Kh6 Kf6 66. a6 Qh8#) 54. Qe1+ $19 Kc2 55. Qxa5 Qe4+ (55... Kxb2 56. Qb5+ Qb3 57. Qxb3+ Kxb3 58. a5 $11) 56. Kf2 g4 ({And not} 56... Kxb2 57. Qb4+ Kc2 58. Qc4+ Kd1 59. Qb3+ Kd2 (59... Kc1 60. a5 $11) 60. Qb2+ Kd3 61. a5 $11) 57. Qb5 d3 58. Qc5+ Kd1 0-1

[Event "Ostravsky Konik FIDE-A 2024"]
[Site "Ostrava"]
[Date "2024.05.04"]
[Round "8.2"]
[White "Decuigniere, Tom"]
[Black "Sernecki, Franciszek"]
[Result "1-0"]
[ECO "D24"]
[WhiteElo "2401"]
[BlackElo "2342"]
[Annotator "TA"]
[PlyCount "69"]
[EventDate "2024.04.26"]
[EventType "swiss"]
[EventCountry "CZE"]
[SourceTitle "playchess.com"]
[Source "ChessBase"]
[SourceQuality "1"]
[TimeControl "40/5400+30:1800+30"]

1. d4 Nf6 2. c4 e6 3. Nf3 d5 4. Nc3 dxc4 5. e4 b5 6. e5 $14 Nd5 7. Nxb5 Nb6 8. Be2 {[%emt 0:01:14] White is slightly better.} Nc6 9. O-O Be7 10. Nc3 O-O 11. Qd2 a5 12. Qf4 Kh8 13. Rd1 Qe8 14. Ne4 f6 15. exf6 gxf6 16. Ng3 {[%emt 0:08:23][%cal Of3h4] White has more active pieces.} Bd6 17. Qh6 $40 {[%emt 0:11:46][%mdl 128] White is up to no good.} Qg6 18. Nh4 Qxh6 19. Bxh6 Rg8 20. Rac1 (20. Bf3 $14 {might be stronger.} Bd7 21. Nh5) 20... Nb4 $11 21. Nh5 (21. a3 $142 N4d5 22. Re1) 21... N6d5 $2 {[%emt 0:01:13] A mistake that costs the game.} (21... Nxa2 $11 {and Black stays safe.} 22. Ra1 Nb4) 22. Bxc4 $18 {[%emt 0:01:32] [#] aiming for a3.} ({Not} 22. Rxc4 Ba6 $11) 22... Rg4 23. g3 {[%emt 0:00:24] Hoping for a3.} Ba6 24. a3 Bxc4 25. Rxc4 Na6 (25... Nb6 $16) 26. Re1 e5 (26... Kg8 {was necessary.} 27. h3 (27. Rxe6 Kf7 $18) 27... Rxh4 28. gxh4 Kf7) 27. Nf5 {[%emt 0:01:18] [#] Black must now prevent dxe5.} Bf8 28. h3 Rg8 29. dxe5 {[%emt 0:00:46] White is clearly winning.} Re8 30. Bxf8 ({Weaker is} 30. Nxf6 Nxf6 31. Bd2 Nd5 $16) 30... Rgxf8 31. e6 c5 32. Nhg7 Ne7 33. Nxe8 Nxf5 34. Rf4 Rxe8 35. Rxf5 {[%emt 0:00:04] Weighted Error Value: White=0.09 (flawless) /Black=0.38.  Loses game:     	---       	Black=1      Mistake:       	White=2     	Black=2      Inaccurate:     	White=1     	Black=3      OK:         	White=11    	Black=8      Best:        	White=2     	Black=2} 1-0

[Event "Ostravsky Konik FIDE-A 2024"]
[Site "Ostrava"]
[Date "2024.05.04"]
[Round "8.4"]
[White "Romanishin, Oleg M"]
[Black "Chkhaidze, Nikoloz"]
[Result "0-1"]
[ECO "D45"]
[WhiteElo "2372"]
[BlackElo "2268"]
[Annotator "TA"]
[PlyCount "77"]
[EventDate "2024.04.26"]
[EventType "swiss"]
[EventCountry "CZE"]
[SourceTitle "playchess.com"]
[Source "ChessBase"]
[SourceQuality "1"]
[TimeControl "40/5400+30:1800+30"]

1. d4 d5 2. c4 e6 3. Nf3 Nf6 4. Nc3 c6 5. e3 Nbd7 6. Be2 Bd6 7. O-O O-O 8. b3 b6 9. Bb2 Bb7 10. Bd3 Qe7 {[%emt 0:00:04] The position is equal.} 11. Re1 Rfe8 12. e4 {[%emt 0:00:23] And now e5 would win.} dxe4 13. Nxe4 Nxe4 14. Bxe4 Nf6 15. Bc2 Ba3 16. Bc3 Rad8 17. Qd3 Bb4 18. Bxb4 Qxb4 19. Ng5 g6 20. Qf3 (20. Qe3 {simplifies} Qe7 21. Rad1 Rd7 22. Nf3) 20... Kg7 21. Rad1 {[%emt 0:07:25] [#]} (21. Qe3 $11 {remains equal.}) 21... Rxd4 $3 $17 22. Qe3 (22. Ne4 Nxe4) 22... Red8 23. a3 Qd6 {[%emt 0:02:54][%cal Rd4d1] Strongly threatening ...Rxd1!} (23... Qxa3 $2 {too greedy.} 24. Rxd4 Rxd4 25. Qxd4 $18) 24. Nf3 Rxd1 25. Rxd1 Qe7 26. Rxd8 Qxd8 27. c5 Nd5 28. Qe5+ Qf6 29. b4 bxc5 30. bxc5 Qxe5 31. Nxe5 {[%emt 0:00:05][%mdl 4096] Endgame. KBN-KBN} Kf6 32. Nc4 Ba6 33. Na5 {[%emt 0:07:51] [#]} Ne7 34. f4 e5 35. g3 exf4 36. gxf4 Ke6 37. Be4 Bb5 38. Kf2 {[%emt 0:00:38] [#]} Nd5 ({Black should try} 38... f5 $1 $19 39. Bf3 Nd5) 39. Kf3 {[%emt 0:04:30] Weighted Error Value: White=0.13 (very precise) /Black=0.05 (flawless) .  Mistake:       	White=1     	Black=1      Inaccurate:     	White=1     	Black=1      OK:         	White=13    	Black=17     Best:        	---       	Black=1      Brilliant:      	---       	Black=1} 0-1

[Event "Ostravsky Konik FIDE-A 2024"]
[Site "Ostrava"]
[Date "2024.05.04"]
[Round "8.5"]
[White "Bujnoch, Radek"]
[Black "Backiel, Hubert"]
[Result "0-1"]
[ECO "E06"]
[WhiteElo "2307"]
[BlackElo "2129"]
[Annotator "TA"]
[PlyCount "62"]
[EventDate "2024.04.26"]
[EventType "swiss"]
[EventCountry "CZE"]
[SourceTitle "playchess.com"]
[Source "ChessBase"]
[SourceQuality "1"]
[TimeControl "40/5400+30:1800+30"]

1. Nf3 Nf6 2. g3 e6 3. Bg2 Be7 4. c4 d5 5. d4 O-O 6. Qc2 c5 7. dxc5 d4 8. O-O Nc6 9. a3 a5 {[%emt 0:00:16][%cal Of6d7] The position is equal.} 10. Rd1 Bxc5 11. Nc3 Qe7 12. Na4 h6 13. h3 (13. Nxc5 $11 Qxc5 14. b4 axb4 15. Qb3) 13... e5 $15 14. e4 Be6 15. Ne1 Nd7 {[%emt 0:00:41] Black is more active.} 16. Nd3 f5 17. Re1 Rac8 (17... fxe4 $17 18. Naxc5 Nxc5 19. Nxc5 Qxc5 20. Qxe4 Rad8 (20... Qxc4 21. Bxh6 Rf7 22. Bg5 $11)) 18. Bd2 fxe4 19. Bxe4 ({White should play} 19. Naxc5 $15 exd3 (19... Nxc5 20. Nxc5 Qxc5 21. Qxe4 $15) 20. Nxd3) 19... Bxh3 (19... Bd6 $17 {Threatens to win with ...Qf7.} 20. f4 Qf7 (20... Bxh3 21. Nf2 $17)) 20. Nf4 $11 Rxf4 (20... exf4 $6 21. Bd5+ Kh8 22. Rxe7 Nxe7 23. Bxf4 (23. Bxa5 $2 Nxd5 24. Qe4 fxg3 $19) 23... Nxd5 24. cxd5 $16) (20... d3 {is more complex.} 21. Qxd3 Bxf2+ 22. Kxf2 Qf6) 21. Bxf4 (21. gxf4 $5 Rf8 (21... Qh4 22. Qd3 $11) 22. Qd3 $11) 21... Qf6 22. Nxc5 $2 {[%emt 0:05:09] This move loses the game for White.} ({White should try} 22. Qe2 $15) 22... Nxc5 $19 23. Bd5+ {[%emt 0:01:23] [#]} (23. Bd2 {was called for.}) 23... Kh8 $1 24. Bd2 Rf8 25. f4 Bf5 26. Qd1 e4 {[%emt 0:01:44] Prevents Qf3. Hoping for ...Qg6.} 27. Qe2 Re8 {[%emt 0:12:52] And now ...Qg6 would win.} 28. b4 (28. g4 $142 Qg6 29. b4) 28... Nb3 {[%emt 0:04:05] Black is clearly winning.} 29. Rad1 e3 30. Qg2 Bc2 31. Rc1 (31. Bxe3 $142 Bxd1 32. Bf2 Rxe1+ 33. Bxe1) 31... Be4 {[%emt 0:01:35] Weighted Error Value: White=0.68/Black=0.20 (precise) .  Loses game:     	White=1     	---        Mistake:       	White=5     	Black=2      Inaccurate:     	White=4     	Black=1      OK:         	White=7     	Black=11     Best:        	---       	Black=2      Strong:       	---       	Black=1} (31... exd2 $2 {too greedy.} 32. Rxe8+ Kh7 33. Rf1 $18 (33. Rxc2 $2 {loses.} d1=Q+ 34. Qf1 Qxc2 $19)) ({Weaker is} 31... Nxd2 32. Rxc2 Nb3 (32... axb4 33. Rxd2 bxa3 34. Bxc6 $14) (32... Qe7 33. Kh2 $11) 33. Rb2 $17) 0-1

[Event "Ostravsky Konik FIDE-A 2024"]
[Site "Ostrava"]
[Date "2024.05.04"]
[Round "8.6"]
[White "Pourquet, Matthieu"]
[Black "Zdybel, Przemyslaw"]
[Result "1-0"]
[ECO "A61"]
[WhiteElo "2214"]
[BlackElo "2264"]
[Annotator "TA"]
[PlyCount "67"]
[EventDate "2024.04.26"]
[EventType "swiss"]
[EventCountry "CZE"]
[SourceTitle "playchess.com"]
[Source "ChessBase"]
[SourceQuality "1"]
[TimeControl "40/5400+30:1800+30"]

1. d4 Nf6 2. c4 e6 3. Nf3 c5 4. d5 exd5 5. cxd5 d6 6. Nc3 g6 7. h3 Qe7 8. e4 a6 9. Bd3 {White is slightly better.} b5 10. O-O {[%cal Oe4e5] And now e5! would win.} Nfd7 (10... Bg7 $14) 11. a4 b4 {[%emt 0:00:30] [#]} 12. Nb1 (12. Bg5 f6 13. e5 bxc3 $15) (12. e5 $1 $18 {[%cal Re5d6] is the precise move to win.} bxc3 13. exd6 Qxd6 14. Re1+ (14. bxc3 Bg7 $11) 14... Be7 15. Qe2) 12... a5 (12... Bg7 $142) 13. Bf4 {[%emt 0:00:30][%cal Oe4e5] Hoping for e5!} f6 14. Nbd2 {[%emt 0:00:30] Strongly threatening Bb5.} Ne5 (14... Nb6 $142) 15. Nxe5 fxe5 16. Be3 Bg7 17. Bb5+ Nd7 18. Qg4 {[%emt 0:00:30] aiming for Bg5.} Kd8 19. Qe2 g5 20. Nc4 h5 21. Rac1 Bf8 22. f3 Qf6 $2 (22... Qg7 $16 23. h4 gxh4) 23. Bxd7 Bxd7 24. Nb6 Ra7 25. Nxd7 Rxd7 26. Qa6 Ke7 27. Qxa5 {[%emt 0:00:30] White is much more active.} Bh6 28. Qb5 g4 $2 {[%emt 0:00:30] Black is weak on the light squares} (28... Ra8 $16 29. a5 Rc7) 29. Bxh6 $18 (29. fxg4 $2 {loses.} Bxe3+ 30. Kh1 Bf4 31. gxh5 Qg5 (31... Rxh5 $2 32. Rf3 $19) 32. Rxf4 exf4 $19 (32... Qxf4 $2 33. Rf1 $19)) 29... Qxh6 (29... gxh3 $142 30. Be3 Rg8) 30. fxg4 {[%cal Of1f7] [#] Threatens to win with Rf7+!} Rc7 31. Qe2 {[%emt 0:01:30] Wards off Qe3+} (31. gxh5 $142 Qd2 32. Rcd1 Qe3+ 33. Kh2 Qxe4 34. Rf3) 31... hxg4 32. Qxg4 c4 $2 (32... Kd8 33. Rc2 Rg7) 33. Rc2 {[%emt 0:00:30] Black must now prevent Rcf2.} Qe3+ (33... Rcc8 $142 34. Rcf2 Rhf8) 34. Kh2 {[%emt 0:00:30] Weighted Error Value: White=0.39/Black=0.64.  Loses game:     	---       	Black=2      Missed win:     	White=1     	---        Mistake:       	White=1     	Black=6      Inaccurate:     	White=1     	Black=1      OK:         	White=10    	Black=6      Best:        	White=2     	Black=2} 1-0

[Event "Ostravsky Konik FIDE-A 2024"]
[Site "Ostrava"]
[Date "2024.05.04"]
[Round "8.7"]
[White "Goluch, Piotr"]
[Black "Warchol, Kamil"]
[Result "1-0"]
[ECO "A09"]
[WhiteElo "2325"]
[BlackElo "2149"]
[Annotator "TA"]
[PlyCount "91"]
[EventDate "2024.04.26"]
[EventType "swiss"]
[EventCountry "CZE"]
[SourceTitle "playchess.com"]
[Source "ChessBase"]
[SourceQuality "1"]
[TimeControl "40/5400+30:1800+30"]

1. Nf3 d5 2. g3 c5 3. c4 d4 4. b4 f6 5. e3 e5 6. Bg2 Bd6 $2 {[%emt 0:08:27] [#]} (6... cxb4 $11 {and Black stays safe.} 7. a3 Nc6) 7. exd4 ({Better is} 7. bxc5 $18 Be7 8. O-O) 7... exd4 8. O-O {[%emt 0:01:26] White is slightly better.} Ne7 9. d3 O-O 10. bxc5 Bxc5 11. Nbd2 Nec6 12. Nb3 Bb6 13. Nh4 Ne5 14. f4 Bg4 15. Qc2 Nec6 16. Bd5+ (16. Ba3 $142) 16... Kh8 $16 17. Ba3 {[%emt 0:00:04] Repels Nb4} Re8 18. Rfe1 {[%emt 0:00:12][%cal Oh2h3] aiming for h3!} Na6 19. Qg2 (19. h3 $16 {Hoping for Ng6+.} Bd7 20. Qd2) 19... Qd7 $11 20. f5 Bxf5 (20... Nc7 $14) 21. Nxf5 Qxf5 22. Bxc6 bxc6 23. Qxc6 Qc8 24. Qf3 {[%emt 0:08:52] White is much more active.} (24. Qxc8 $16 Rexc8 25. Re4) 24... Qc7 $2 (24... Qd7 $14) 25. Re4 ({Only move:} 25. Re7 $1 $18 Qc8 26. Rae1 Rxe7 27. Rxe7) 25... Rac8 26. Rae1 (26. Nxd4 $2 Rxe4 27. Qxe4 Qd8 $19) 26... Rxe4 27. Rxe4 $40 {[%emt 0:00:13][%mdl 128] White wants a kill.} (27. Qxe4 $18 {[%cal Oe4e8] White wants to mate with Qe8+!} h6 28. Qf5 (28. Nxd4 $2 Rd8 $19)) 27... Nc5 (27... Bc5 $16 {was called for.}) 28. Bxc5 $18 (28. Rxd4 $2 Nxb3 29. axb3 Bxd4+ $19) 28... Bxc5 {[%emt 0:00:04] Black is weak on the light squares} 29. Qf5 (29. Nxd4 $2 {is the wrong capture.} Rd8 30. h4 Bxd4+ $19 (30... Rxd4 31. Re8+)) 29... Bd6 30. Rh4 h6 31. Rxd4 ({Worse is} 31. Nxd4 Bxg3 32. hxg3 Qxg3+ 33. Kf1 Rb8 $11) 31... Rd8 32. Kg2 {[%emt 0:01:10] c5 is the strong threat.} Re8 33. Re4 Qb7 34. Qf3 Rf8 (34... Rxe4 {might work better.} 35. Qxe4 Qa6) 35. Re6 Qb4 36. Qd5 Rd8 37. Qc6 Qa3 (37... a5 $16 38. Re8+ Rxe8 39. Qxe8+ Kh7) 38. Re8+ Rxe8 39. Qxe8+ {[%emt 0:00:03][%mdl 4096] Endgame. KQB-KQN} Kh7 40. Qe2 a5 41. Nd4 Be5 42. Nb5 Qc5 {[%emt 0:01:53] [#]} 43. d4 $1 Qc6+ 44. d5 Qc5 (44... Qb6 45. a4 Qc5 46. Qd3+ g6) 45. Qd3+ Kh8 (45... g6 $142 46. d6 f5) 46. d6 {[%emt 0:00:00] Weighted Error Value: White=0.28 (precise) /Black=0.50.  Loses game:     	---       	Black=2      Mistake:       	White=6     	Black=6      Inaccurate:     	White=2     	Black=4      OK:         	White=15    	Black=8      Best:        	White=3     	Black=5      Brilliant:      	White=1     	---} 1-0

[Event "Ostravsky Konik FIDE-A 2024"]
[Site "Ostrava"]
[Date "2024.05.05"]
[Round "9.1"]
[White "Nguyen, Piotr"]
[Black "Pourquet, Matthieu"]
[Result "1-0"]
[ECO "B13"]
[WhiteElo "2398"]
[BlackElo "2214"]
[Annotator "TA"]
[PlyCount "117"]
[EventDate "2024.04.26"]
[EventType "swiss"]
[EventCountry "CZE"]
[SourceTitle "playchess.com"]
[Source "ChessBase"]
[SourceQuality "1"]
[TimeControl "40/5400+30:1800+30"]

1. e4 c6 2. d4 d5 3. exd5 cxd5 4. Bd3 Nf6 5. h3 Nc6 6. c3 e5 7. dxe5 Nxe5 8. Nf3 Nxd3+ 9. Qxd3 Bd6 10. O-O O-O {[%emt 0:00:05] The position is equal.} 11. Be3 Re8 12. Nbd2 Ne4 {[%emt 0:10:24] Prevents Bg5.} 13. Rfd1 Bf5 14. Qb5 (14. Qxd5 $2 Bh2+ 15. Kxh2 Qxd5 $19) 14... a6 15. Qxb7 (15. Qxd5 $2 Bh2+ 16. Kxh2 Qxd5 $19) 15... Rb8 $1 16. Qxa6 (16. Qxd5 $2 Bh2+ 17. Kxh2 Qxd5 $19) 16... Re6 17. Qf1 Rg6 $1 18. Kh1 (18. Nxe4 Bxe4 19. Qe2 Rxb2 $17) 18... Rxb2 19. Nd4 Qf6 (19... Bd7 $11 {and Black is okay.}) 20. Nxf5 $18 Qxf5 (20... Rxd2 $16 21. Rxd2 (21. Bxd2 Qxf5 22. Be3 Qe5 $11) 21... Qxf5) 21. Nxe4 Qxe4 {[%emt 0:15:32] [#]} 22. Rd4 {[%emt 0:01:03] Prevents f5} (22. a4 $1 $18 {is the precise move to win.}) 22... Qe5 $16 23. Bf4 Qf5 24. Bxd6 Rxd6 25. Kg1 (25. Rb4 $16 Rxb4 26. cxb4) 25... h5 26. g3 Re6 27. Qg2 Ree2 28. Rf1 Rbd2 29. Rf4 Qe5 ({Better is} 29... Qe6 $11) 30. Qf3 $14 f6 (30... Rc2 $14 {might be stronger.}) 31. Kg2 (31. Rd4 $16) 31... Rxa2 (31... Re3 $5 32. Rf5 Rxf3 (32... Qxc3 33. Qf4 $11) 33. Rxe5 Rxc3 34. Rxh5 Rxa2 $15) 32. Rf5 Qe4 33. Rxd5 Qxf3+ 34. Kxf3 $11 {[%mdl 4096] Endgame. KRR-KRR} Rec2 35. Rxh5 Rxc3+ 36. Kg2 Rcc2 37. Rf5 Kf7 38. h4 Ke6 39. g4 g6 40. Rf4 Re2 41. Kf3 (41. Rc1 $16 {Rc6+ is the strong threat.} Rec2 42. Rb1) 41... Re5 (41... f5 $14) 42. Rb1 {[#] Threatens to win with Rb6+.} Ra3+ 43. Kg2 Ra6 {[%emt 0:00:30] Prevents Rb6+} 44. Rb8 Kf7 {[%emt 0:00:30] Prevents Re8} 45. Rc4 Ra2 $2 (45... Re7 $16 {might work better.}) 46. Kg3 $2 (46. Rc6 $18 {is more deadly.}) 46... Ra3+ 47. f3 {Black must now prevent Rc6.} Ree3 (47... Re7 $16) 48. Rb7+ Re7 49. Rb6 {And now Rcc6 would win.} f5 $2 (49... Kg7 $16) 50. g5 $18 Ree3 $2 (50... Re4 51. Rc7+ Kf8 52. Rf6+ (52. Rxg6 Rg4+ 53. Kf2 Ra2+ 54. Ke3 Ra3+ 55. Kf2 Ra2+ 56. Kf1 Rxh4 $11) (52. Rc8+ Ke7 $18) 52... Ke8 53. Rxg6 Rg4+ 54. Kh2 Rxh4+ 55. Kg2 Kf8 56. Rf6+ Kg8 57. Rxf5 Ra6) 51. Rc7+ Kf8 52. Kf4 {Strongly threatening Rf6+.} (52. Rxg6 Rxf3+ 53. Kg2 Rg3+ 54. Kf2 Raf3+ 55. Ke2 Re3+ 56. Kd2 Ra3 $16) 52... Rxf3+ 53. Ke5 Rfb3 54. Rf6+ ({Not} 54. Rxg6 Ra5+ 55. Kd4 (55. Kf4 $2 Ra4+ 56. Ke5 Rb5+ 57. Kd6 Rb6+ 58. Ke5 Ra5+ 59. Kf4 Rxg6 $19) 55... Rb4+ 56. Kc3 Rxh4 $11) 54... Ke8 55. Rxg6 Ra5+ 56. Kf6 {[%cal Rg6g8] White mates.} Kd8 57. Rf7 Rb6+ 58. Kg7 Rb4 59. h5 {Weighted Error Value: White=0.17 (very precise) /Black=0.43.  Loses game:     	---       	Black=3      Missed win:     	White=1     	---        Mistake:       	White=4     	Black=6      Inaccurate:     	White=2     	Black=3      OK:         	White=18    	Black=11     Best:        	White=6     	Black=4      Strong:       	---       	Black=2} 1-0

[Event "Ostravsky Konik FIDE-A 2024"]
[Site "Ostrava"]
[Date "2024.05.05"]
[Round "9.2"]
[White "Swicarz, Maciej"]
[Black "Decuigniere, Tom"]
[Result "1-0"]
[ECO "B51"]
[WhiteElo "2251"]
[BlackElo "2401"]
[Annotator "TA"]
[PlyCount "95"]
[EventDate "2024.04.26"]
[EventType "swiss"]
[EventCountry "CZE"]
[SourceTitle "playchess.com"]
[Source "ChessBase"]
[SourceQuality "1"]
[TimeControl "40/5400+30:1800+30"]

1. e4 c5 2. Nf3 d6 3. Bb5+ Nd7 4. c4 Ngf6 5. Nc3 g6 6. O-O Bg7 7. d3 O-O 8. Ba4 {[%emt 0:00:17] The position is equal.} Nb6 9. h3 Nxa4 10. Qxa4 a6 11. Qc2 Bd7 12. Bf4 b5 13. Rfe1 Nh5 14. Bd2 Bc6 15. Rad1 (15. a3 $15) 15... Rb8 (15... b4 $1 $17 16. Nd5 e6) 16. b3 (16. cxb5 $15 axb5 17. b4) 16... Qd7 ({Black should try} 16... b4 $17 17. Nd5 e6) 17. Nh2 f5 18. Nd5 e6 19. Ne3 b4 20. Nef1 Qf7 21. Bc1 e5 22. Ng3 ({White should play} 22. Ne3) 22... Nf4 $1 $17 23. Nhf1 (23. Bxf4 $17 {was necessary.} exf4 24. Ne2) 23... Ne6 $19 24. Nh1 (24. f3 {might work better.}) 24... f4 {[%emt 0:02:54] ...Nd4 would now be deadly.} 25. f3 h5 26. Bb2 Bf6 27. Nh2 a5 {[%emt 0:01:51] White is weak on the dark squares} 28. Ra1 {[%emt 0:01:14] [#]} a4 $1 29. a3 bxa3 30. Rxa3 {[%emt 0:00:02] [#]} axb3 31. Qb1 Rb6 32. Bc3 Qb7 33. Re2 (33. Qb2 $142) 33... Ra8 34. Rxa8+ Qxa8 35. Rb2 Qa3 36. Nf1 Nd4 37. Nf2 Bd8 38. Nd1 Rb7 39. Nd2 Ne2+ 40. Kf2 Nxc3 41. Nxc3 Ba5 42. Qc1 Ba4 43. Nd5 {[%emt 0:00:00] [#]} Qxb2 $4 44. Qxb2 $18 {[%emt 0:00:00] White is clearly winning.} Bxd2 45. Qxd2 b2 46. Nc3 b1=Q (46... g5 $142 47. Nb1 (47. Nxa4 $2 {perishes.} b1=Q $19) 47... Kh7) 47. Nxb1 Rxb1 48. Qa5 {[%emt 0:00:00] Weighted Error Value: White=0.17 (very precise) /Black=0.29 (precise) .  Missed win:     	---       	Black=1      Mistake:       	White=6     	Black=3      Inaccurate:     	White=3     	Black=1      OK:         	White=14    	Black=19     Best:        	White=1     	Black=1      Strong:       	---       	Black=1} 1-0